 Dungeon Crawl Stone Soup version 0.26-a0-667-g92642533e4 (webtiles) character file.

Game seed: 13120018758227173002

931 Napalmbreeze the Frost Mage (level 8, -1/58 HPs)
             Began as a Barachi Ice Elementalist on Oct 16, 2020.
             Slain by an iguana (13 damage)
             ... on level 6 of the Dungeon.
             The game lasted 00:15:22 (6905 turns).

Napalmbreeze the Frost Mage (BaIE)                  Turns: 6905, Time: 00:15:23

Health: -1/58      AC:  4    Str: 10      XL:     8   Next: 11%
Magic:  7/16       EV: 12    Int: 17      God:
Gold:   343        SH:  0    Dex: 12 (13) Spells: 10/18 levels left

rFire    . . .     SeeInvis .   v - +1 dagger (venom)
rCold    . . .     Faith    .   (no shield)
rNeg     . . .     Spirit   .   q - +2 robe {MR+}
rPois    .         Reflect  .   (no helmet)
rElec    .         Harm     .   g - scarf {shadows}
rCorr    .         Rampage  .   (no gloves)
MR       +....                  (no boots)
Stlth    ++........             (no amulet)
HPRegen  0.19/turn              b - ring of flight
MPRegen  0.15/turn              (no ring)

@: lethally poisoned (-1 -> -2), very slightly contaminated, slow
A: +LOS, swims, slowness 1, strong legs 1
a: Hop, Evoke Flight


You were on level 6 of the Dungeon.
You visited 1 branch of the dungeon, and saw 6 of its levels.

You collected 343 gold pieces.

Inventory:

Hand Weapons
 s - a +2 dagger of speed
 v - a +1 dagger of venom (weapon)
Armour
 g - a scarf of shadows (worn)
 q - a +2 robe of magic resistance (worn)
Jewellery
 b - a ring of flight (left hand)
 n - an uncursed amulet of faith
Wands
 t - a wand of random effects (13)
 y - a wand of enslavement (4)
Scrolls
 c - 4 scrolls of enchant armour
 d - 3 scrolls of amnesia
 e - a scroll of remove curse
 i - 2 scrolls of fog
 k - 3 scrolls of blinking
 o - 3 scrolls of teleportation
 r - a scroll of fear
Potions
 a - a potion of heal wounds {unknown}
 f - 3 potions of curing
 h - a potion of stabbing {unknown}
 j - a potion of flight {unknown}
 l - 2 potions of brilliance
 m - a potion of haste {unknown}
 p - a potion of degeneration {unknown}
 x - 4 potions of might {unknown}


   Skills:
 - Level 3.0 Fighting
 - Level 2.1 Dodging
 - Level 1.7 Stealth
 + Level 5.6 Spellcasting
 - Level 5.0 Summonings
 - Level 8.0 Ice Magic


You had 10 spell levels left.
You knew the following spells:

 Your Spells              Type           Power        Failure   Level
a - Freeze                Ice            ###.         1%          1
e - Summon Ice Beast      Ice/Summ       ##......     10%         4
s - Frozen Ramparts       Ice            ###...       1%          3

Your spell library contained the following spells:

 Spells                   Type           Power        Failure   Level
 Ozocubu's Armour         Ice            ###.....     1%          3
 Hailstorm                Conj/Ice       #.......     26%         4


Dungeon Overview and Level Annotations

Branches:
Dungeon (6/15)
 Temple: D:4-7

Altars:
Dithmenos
Ru
Yredelemnul


Innate Abilities, Weirdness & Mutations

You can be seen from farther away. (+LOS)
You can swim through water.
You cover ground slowly.
You can hop short distances.


Message History

You feel sick.
A wight comes into view. It is wielding a +0 dagger.
The iguana bites you! The iguana bites you!
* * * LOW HITPOINT WARNING * * *
Casting: Freeze (safe; 1% risk of failure)
Confirm with . or Enter, or press ? or * to list all spells.
You feel a numb sensation. A chill wind blows around you.
You hear the slow rusting of a very distant drain.
The iguana closely misses you.
Unknown command.
You feel sick.
Your ice beast hits the iguana.
Your ice beast freezes the iguana.
Casting: Summon Ice Beast (dangerous; 10% risk of failure)
Confirm with . or Enter, or press ? or * to list all spells.
You feel a numb sensation.
You miscast Summon Ice Beast.
You are very lightly contaminated with residual magic.
Nothing appears to happen.
Your ice beast hits the iguana.
Your ice beast freezes the iguana.
The iguana bites you!
You die...

###### #....#
. #....#
....#####....#
.....z.zlY...#
....#####@...#
. #.....#
#.....#
#..#### #..#
##?.# #...#
...).# #.).#
#.....#
#...####.....#


You could see an iguana, 2 wights and a friendly ice beast (summoned).

Vanquished Creatures
  2 ogres (D:4)
  A scorpion (D:5)
  3 jellies (D:5)
  A quasit (D:5)
  4 orc priests (D:3)
  6 orc wizards
  An iguana (D:5)
  5 worker ants
  An adder (D:3)
  An ufetubus (D:5)
  2 oozes
  An adder zombie (D:5)
  3 worms
  4 leopard geckos
  11 orcs
  A ball python (D:3)
  3 giant cockroaches
  7 hobgoblins
  4 jackals (D:1)
  5 quokkas
  6 bats
  7 frilled lizards
  7 goblins
  6 kobolds
  2 quokka skeletons
  5 rats
  A spectral orc (D:4)
100 creatures vanquished.

Vanquished Creatures (collateral kills)
  A centaur zombie (D:5)
  A worker ant (D:5)
2 creatures vanquished.

Grand Total: 102 creatures vanquished

Notes
Turn   | Place    | Note
-------+----------+-------------------------------------------
     0 | D:1      | Napalmbreeze the Barachi Ice Elementalist began the quest
                  | for the Orb.
     0 | D:1      | Reached XP level 1. HP: 13/13 MP: 3/3
   290 | D:1      | Reached skill level 5 in Ice Magic
   590 | D:1      | Reached XP level 2. HP: 19/19 MP: 3/5
   652 | D:1      | You fall into a shaft and drop 1 floor!
  1601 | D:2      | Found a faded altar of an unknown god.
  1648 | D:2      | Reached XP level 3. HP: 19/25 MP: 4/6
  1660 | D:2      | Learned a level 3 spell: Frozen Ramparts
  2257 | D:3      | Reached skill level 1 in Fighting
  2371 | D:3      | Reached skill level 6 in Ice Magic
  2371 | D:3      | Reached XP level 4. HP: 16/32 MP: 1/8
  2567 | D:3      | Learned a level 4 spell: Summon Ice Beast
  3000 | D:3      | Found a shadowy altar of Dithmenos.
  3019 | D:3      | Reached XP level 5. HP: 34/38 MP: 3/9
  3021 | D:3      | Reached skill level 1 in Summonings
  3128 | D:3      | Reached XP level 6. HP: 2/46 MP: 5/11
  3804 | D:3      | Reached skill level 7 in Ice Magic
  4255 | D:4      | Found a sacrificial altar of Ru.
  4362 | D:4      | Reached XP level 7. HP: 24/52 MP: 3/13
  5004 | D:4      | Found a basalt altar of Yredelemnul.
  5234 | D:5      | Entered Level 5 of the Dungeon
  5263 | D:5      | Reached skill level 5 in Spellcasting
  5622 | D:5      | Reached skill level 5 in Summonings
  6159 | D:5      | Reached skill level 8 in Ice Magic
  6194 | D:5      | Reached XP level 8. HP: 42/58 MP: 9/15
  6905 | D:6      | Slain by an iguana

Illustrated notes

Levels and vault maps discovered:
D:1:      dpeg_arrival_shrine, layout_loops_ring, minmay_lizard_pond
D:2:      layout_rooms, chequers_ecumenical_altar_island
D:3:      minmay_skewed_foursquare, layout_basic,
          grunt_dithmenos_smoke_and_mirrors
D:4:      layout_rooms, yredelemnul_forgotten_temple_becter,
          nicolae_ru_great_annihilating_truth
D:5:      layout_basic
D:6:      layout_rooms, tgw_fedhas, overflow_temple_1_default,
          gup_sewer_entry_glass

Skill      XL: |  1  2  3  4  5  6  7 |
---------------+----------------------+-----
Ice Magic      | 5 6 7 8 |  8.0
Fighting       | 1 2 3 |  3.0
Spellcasting   | 3 4 5 |  5.6
Summonings     | 1 3 5 |  5.0
Dodging        | |  2.1
Stealth        | |  1.7

Action                   |  1- 3 |  4- 6 |  7- 9 || total
-------------------------+-------+-------+-------++-------
Melee: Unarmed           |     4 |       |       ||     4
       Short sword       |    30 |    28 |       ||    58
       Dagger            |       |    47 |    99 ||   146
 Cast: Freeze            |    45 |    31 |    29 ||   105
       Frozen Ramparts   |     1 |     9 |     9 ||    19
       Summon Ice Beast  |       |       |     4 ||     4
  Use: Potion            |       |     1 |       ||     1
       Scroll            |       |     6 |     4 ||    10
 Stab: Distracted        |     1 |       |     1 ||     2
       Sleeping          |       |       |     1 ||     1
Armor: Robe              |    24 |    22 |    32 ||    78
Dodge: Dodged            |    57 |    69 |    92 ||   218

Table legend: (Time is in decaauts)
 A = Elapsed time spent in this place.
 B = Non-inter-level travel time spent in this place.
 C = Inter-level travel time spent in this place.
 D = Time resting spent in this place.
 E = Time spent auto-exploring this place.
 F = Levels seen in this place.
 G = Mean time per level.
                   A        B        C        D        E       F      G
               +--------+--------+--------+--------+--------+-----+--------+
         Total |   7498 |   7208 |    290 |   2623 |   3107 |   6 | 1249.7 |
       Dungeon |   7498 |   7208 |    290 |   2623 |   3107 |   6 | 1249.7 |
               +--------+--------+--------+--------+--------+-----+--------+

Top non-repeatable levels by time:
     D:3: 1782 daAuts
     D:1: 1658 daAuts
     D:5: 1505 daAuts
     D:4: 1473 daAuts
     D:2: 1027 daAuts
     D:6: 52 daAuts
